 Dungeon Crawl Stone Soup version 0.17-a0-1989-gfb2cd5c (webtiles) character file.

516840 imraulkays the Warrior (level 25, -1/169 HPs)
             Began as a Gargoyle Berserker on Oct 7, 2015.
             Was the Champion of Trog.
             Splashed by an acid blob's acid (4 damage)
             ... on level 1 of the Pits of Slime on July 17, 2016.
             The game lasted 05:20:30 (64653 turns).

imraulkays the Warrior (Gargoyle Berserker)        Turns: 64653, Time: 05:20:31

Health: -1/169     AC: 48    Str: 26      XL:     25   Next: 73%
Magic:  18/18      EV: 21    Int: 11      God:    Trog [******]
Gold:   4078       SH:  0    Dex: 22 (23) Spells: 0 memorised, 24 levels left

rFire  + + .     SeeInvis +     U - +11 executioner's axe of Exquisite Death {elec, rF++ Dex+3}
rCold  + . .     Rnd*Rage +     G - +7 plate armour {rC+}
rNeg   + . .     SustAt   .     (no shield)
rPois  ∞         Gourm    .     Q - +2 hat {SInv}
rElec  +         Spirit   .     y - +0 cloak of Hide-and-Seek {MR+ Str+3}
rCorr  +         Warding  .     s - +3 pair of gauntlets of War {Slay+5}
rMut   .         Rnd*Tele +     W - +2 pair of boots {run}
MR     +++++                    L - amulet of resist corrosion
Stlth  ..........               C - ring of protection from magic
                                o - +6 ring of dexterity

@: exhausted, corroded equipment, flying, regenerating, slowed, studying Maces &
Flails, very slow, almost entirely resistant to hostile enchantments, extremely
unstealthy
A: big wings, berserk 2, deformed body, deterioration 1, low mp 2, negative
energy resistance 1, electricity resistance, teleportitis 1, weak 1,
unbreathing, petrification resistance, rot immunity, subdued magic 1, AC +19
a: Stop Flying, Burn Spellbooks, Berserk, Trog's Hand, Brothers in Arms,
Renounce Religion
}: 2/15 runes: serpentine, barnacled


You were on level 1 of the Pits of Slime.
You worshipped Trog.
Trog was exalted by your worship.
You were near starving.

You visited 9 branches of the dungeon, and saw 48 of its levels.
You visited the Abyss 1 time.
You visited 1 ziggurat, and saw 9 of its levels.
You also visited: Labyrinth and Ice Cave.

You collected 6740 gold pieces.
You spent 2662 gold pieces at shops.

Inventory:

Hand Weapons
 U - the +11 executioner's axe of Exquisite Death (weapon) {elec, rF++ Dex+3}
   (Trog gifted it to you on level 3 of the Vaults)

   Occasionally, upon striking a foe, it will discharge some electrical energy
   and cause terrible harm.
   It affects your dexterity (+3).
   It greatly protects you from fire.
Armour
 s - the +3 pair of gauntlets of War (worn) {Slay+5}
   (You bought it in a shop on level 3 of the Elven Halls)

   It affects your accuracy and damage with ranged weapons and melee attacks
   (+5).
 y - the +0 cloak of Hide-and-Seek (worn) {MR+ Str+3}
   (You bought it in a shop on level 7 of the Dungeon)

   It affects your strength (+3).
   It affects your resistance to hostile enchantments.
 G - a +7 plate armour of cold resistance (worn)
 Q - a +2 hat of see invisible (worn)
 W - a +2 pair of boots of running (worn)
Jewellery
 e - a +3 ring of protection
 i - an uncursed amulet of regeneration
 j - the amulet "Vinig" {+Rage rPois rF+ MR+}
   (You found it on level 1 of the Snake Pit)

   [amulet of rage]

   It protects you from fire.
   It protects you from poison.
   It affects your resistance to hostile enchantments.
   It lets you go berserk.
 o - a +6 ring of dexterity (left hand)
 x - an uncursed amulet of resist mutation
 C - a ring of protection from magic (right hand)
 D - an uncursed ring of protection from cold
 K - an uncursed ring of sustain attributes
 L - an amulet of resist corrosion (around neck)
 O - an uncursed ring of protection from fire
Wands
 b - a wand of heal wounds (2)
 k - a wand of teleportation (5)
 F - a wand of disintegration (8)
 N - a wand of digging (3)
Scrolls
 a - 26 scrolls of remove curse
 f - 3 scrolls of silence
 g - 41 scrolls of identify
 p - 7 scrolls of recharging
 u - 8 scrolls of enchant armour
 v - 4 scrolls of magic mapping
 w - a scroll of holy word
 z - a scroll of fear
 A - 17 scrolls of teleportation
 E - 2 scrolls of blinking
 S - 9 scrolls of enchant weapon
Potions
 d - 4 potions of heal wounds
 m - 4 potions of cure mutation
 q - 6 potions of might
 r - 3 potions of invisibility
 B - 3 potions of cancellation
 M - 15 potions of curing
 P - 8 potions of agility
 X - a potion of resistance
 Y - 5 potions of haste
Books
 n - a book of Callings

   Spells                             Type                      Level
   a - Summon Small Mammal            Summoning                    1
   b - Call Imp                       Summoning                    2
   c - Call Canine Familiar           Summoning                    3
   d - Summon Guardian Golem          Hexes/Summoning              3
   e - Summon Lightning Spire         Summoning/Air                4
   f - Summon Ice Beast               Ice/Summoning                4
   Trog disapproves of the use of such an item.
 t - a book of Summonings

   Spells                             Type                      Level
   a - Recall                         Summoning/Translocation      3
   b - Aura of Abjuration             Summoning                    5
   c - Shadow Creatures               Summoning                    5
   d - Summon Demon                   Summoning                    5
   e - Summon Forest                  Summoning/Translocation      5
   f - Summon Mana Viper              Hexes/Summoning              5
   Trog disapproves of the use of such an item.
 T - a manual of Maces & Flails
Comestibles
 c - 26 bread rations
 l - 24 meat rations


   Skills:
 + Level 20.4 Fighting
 + Level 19.8(22.1) Axes
 - Level 19.4(22.9) Maces & Flails
 + Level 20.2 Armour
 + Level 16.3 Dodging
   Level 10.0 Shields


You had 24 spell levels left.
You didn't know any spells.

Dungeon Overview and Level Annotations

Branches:
Dungeon (15/15)            Temple (0/1) D:4            Lair (8/8) D:9
 Shoals (4/4) Lair:4        Snake (4/4) Lair:4        Slime (1/6) Lair:6
    Orc (4/4) D:12            Elf (3/3) Orc:3        Vaults (4/5) D:14
  Crypt (0/3) Vaults:2     Depths (5/5) D:15            Zot (0/5) Depths:5

Altars:
Ashenzari
Dithmenos
Gozag
Kikubaaqudgha
Makhleb
Nemelex Xobeh
Okawaru
Xom
Zin
The Shining One
Beogh
Jiyva

Shops:
D:4 :   D:7 [   D:10 ?   D:12 [   D:15 %   Orc:1 *   Orc:2 [   Orc:4 ((%=
Elf:3 [   Snake:4 }   Vaults:1 *   Vaults:4 %=%*

Portals:
Hell: Depths:1 Depths:2 Depths:3 Depths:4 Depths:5
Abyss: Depths:1 Depths:4 Depths:5
Pandemonium: Depths:2 Depths:3
Trove: Vaults:3 (give 14 scrolls of teleportation)

Annotations:
Elf:2 3 runed doors


Innate Abilities, Weirdness & Mutations

You are resistant to torment.
Your stone body is resilient (AC +19).
You are immune to poison.
Your large and strong wings let you fly indefinitely.
You resist negative energy.
You are resistant to electric shocks.
You can survive without breathing.
You are immune to petrification.
You are immune to rotting.
You often lose your temper in combat.
Armour fits poorly on your strangely shaped body.
Your body sometimes deteriorates upon taking damage.
Your magical capacity is very low (-20% MP).
You are occasionally teleported to nearby monsters.
You are weak. (Str -2)
Your spells are a little easier to cast, but a little less powerful.


Message History

The acid blob spits acid at you. The splash of acid hits you!
The acid burns!
You resist.
* * * LOW HITPOINT WARNING * * *
Two slime creatures merge to form an enormous slime creature.
You feel your anger subside.
You are no longer berserk.
You are exhausted.
You feel yourself slow down.
You are near starving!
Two slime creatures merge to form a very large slime creature.
The acid blob spits acid at you. The splash of acid hits you! You resist.
* * * LOW HITPOINT WARNING * * *
The acid burns!
You resist.
* * * LOW HITPOINT WARNING * * *
The acid blob spits acid at you. The splash of acid hits you! You resist.
* * * LOW HITPOINT WARNING * * *
The acid burns!
You resist.
You die...

#..# ...# ###.###### #
####....##..##.####
#.#....##.......#.###
............##.#....##
#............#.##....#
....................# #
.....§..........@...##.##
.......#.....##.........#
#...............#...##.##
................JJ....##
#..........>......J....#
......#.............#.##
#.#..#....#..........##
....#.............#.#
...........#.......#


You could see an acid blob and a very large slime creature.

Vanquished Creatures
  An ancient lich (Depths:4)
  Mennas (Depths:4)
  Frederick (Depths:4)
  A Killer Klown (Zig:8)
  A golden dragon (Zig:7)
  Nikola (Elf:1)
  A bone dragon (Depths:4)
  Jorgrun (Depths:5)
  A lich (Vaults:3)
  A tentacled monstrosity (Zig:5)
  An acid blob (shapeshifter) (Depths:4)
  3 deep elf blademasters
  2 deep elf master archers (Elf:3)
  A kraken (Shoals:3)
  2 acid blobs (Slime:1)
  A thorn hunter (Zig:7)
  Gastronok (Lair:1)
  2 tentacled starspawn (Zig:6)
  5 sphinxes
  A shadow dragon (Depths:5)
  Kirke (Lair:5)
  2 tengu reavers
  2 greater nagas (Snake:4)
  Roxanne (Elf:1)
  An azure jelly (Depths:1)
  Ilsuiw (Shoals:3)
  A revenant (Vaults:2)
  Wiglaf (Depths:3)
  Donald (Elf:1)
  8 vault wardens
  An iron dragon (Zig:4)
  7 frost giants
  2 balrugs
  7 fire giants
  4 ghost moths
  Louise (Snake:1)
  A draconian zealot (Depths:4)
  13 deep elf sorcerers
  An angel (Depths:2)
  2 war gargoyles (Depths:4)
  A draconian annihilator (Depths:5)
  23 stone giants
  23 very ugly things
  12 ironheart preservers
  A spriggan defender (Depths:3)
  A green draconian (Depths:5)
  3 reapers (Depths:1)
  8 deep elf annihilators
  A vampire knight (Depths:1)
  2 lorocyprocas (Depths:4)
  Azrael (Orc:4)
  3 deep elf demonologists (Elf:3)
  4 black draconians
  3 red draconians (Depths:1)
  6 ettins
  A yellow draconian (Depths:5)
  A salamander stormcaller (Vaults:3)
  The ghost of Herrn the Cleaver, a journeyman NaFi of Okawaru (Lair:3)
  3 deep elf death magi
  2 blizzard demons (Depths:1)
  Snorg (Orc:2)
  11 fire dragons
  2 fire dragons (shapeshifter) (Depths:4)
  A green death (Zig:6)
  8 merfolk javelineers
  A minotaur (Lab)
  13 merfolk impalers
  Josephine (D:15)
  9 yaktaur captains
  2 deep elf high priests
  8 vault guards
  3 entropy weavers
  Fannar (Lair:1)
  10 hydras
  7 rakshasas
  6 spriggan air magi
  9 great orbs of eyes
  An ice dragon (shapeshifter) (Depths:4)
  15 naga warriors
  A ghost crab (Zig:7)
  A ghost crab (shapeshifter) (Depths:2)
  16 ice dragons
  4 merfolk avatars
  9 deep troll shamans
  6 anacondas
  4 dancing weapons
  3 merfolk aquamancers
  11 centaur warriors
  14 ogre magi
  An alligator (Zig:7)
  A satyr (Shoals:4)
  A death yak (shapeshifter) (Depths:4)
  2 vampire magi (Depths:1)
  13 naga sharpshooters
  Urug (Lair:2)
  7 orc high priests
  13 deep troll earth magi
  4 shock serpents
  2 spriggan berserkers
  5 tengu warriors
  8 hell knights
  3 sun demons (Depths:1)
  Nergalle (Lair:2)
  4 iron trolls
  A titan skeleton (Vaults:4)
  The ghost of Eptagon the Destroyer, a novice DECj of Vehumet (Lair:1)
  A wretched star (Zig:6)
  14 skeletal warriors
  18 sea snakes
  3 fire crabs
  A spatial maelstrom (Zig:6)
  A shadow demon (Depths:1)
  18 deep elf knights
  2 giant orange brains
  6 unseen horrors
  6 salamander mystics
  A shadow wraith (Vaults:3)
  A death drake (shapeshifter) (Depths:4)
  6 naga ritualists
  42 deep trolls
  A lindwurm (Lair:8)
  4 flayed ghosts
  A tengu zombie (Vaults:4)
  6 hill giants
  11 deep elf summoners
  3 ice statues
  A swamp dragon (Zig:7)
  10 ironbrand convokers
  2 orb spiders
  18 harpies
  A shadow dragon zombie (Vaults:4)
  A lindwurm (shapeshifter) (Depths:4)
  A giant orange brain (shapeshifter) (Vaults:2)
  4 wizards
  9 deep elf conjurers
  2 phantasmal warriors (Depths:1)
  14 orc knights
  A tengu skeleton (Vaults:3)
  7 orc sorcerers
  2 large abominations (Zig:6)
  5 necromancers
  A human zombie (Vaults:4)
  A griffon (shapeshifter) (Depths:4)
  65 ugly things
  17 salamanders
  6 mana vipers
  10 wolf spiders
  10 cyclopes
  6 oklob plants
  13 griffons
  7 hornets
  7 manticores
  30 naga magi
  5 fauns
  A moth of wrath (shapeshifter) (Depths:4)
  A sphinx skeleton (Depths:1)
  3 guardian serpents
  2 shining eyes
  4 centaur zombies
  5 water nymphs
  3 black mambas (shapeshifter)
  4 sirens
  An eye of devastation (Zig:2)
  12 spiny frogs
  A salamander skeleton (Vaults:3)
  The ghost of Umaruun the Gusty, a novice DrAE (D:7)
  A guardian serpent (shapeshifter) (Vaults:3)
  An orange demon (Depths:3)
  6 torpor snails (Lair:8)
  A gargoyle (D:14)
  37 black mambas
  13 vault sentinels
  A yaktaur (shapeshifter) (Depths:4)
  2 smoke demons
  14 komodo dragons
  33 yaktaurs
  A yaktaur zombie (Vaults:3)
  An efreet (D:13)
  2 komodo dragons (shapeshifter)
  A yaktaur skeleton (Depths:1)
  A hellwing (Depths:3)
  A tengu conjurer (Depths:5)
  20 polar bears
  3 demonic crawlers
  2 guardian mummies
  38 merfolk
  15 deep elf priests
  3 wind drakes
  5 freezing wraiths
  3 fire drakes
  5 jumping spiders
  18 two-headed ogres
  A wind drake (shapeshifter) (D:14)
  A raiju (shapeshifter) (Vaults:3)
  A sphinx simulacrum (Depths:1)
  3 giant leeches (Lair:8)
  A blue devil (Depths:3)
  9 trolls
  7 boulder beetles
  2 deep troll zombies (Depths:1)
  A two-headed ogre (shapeshifter) (Depths:4)
  11 blink frogs
  12 snapping turtles
  42 slime creatures
  3 tarantellas
  3 trapdoor spiders (Zig:9)
  10 redbacks
  Sigmund (D:3)
  81 yaks
  An ettin skeleton (Vaults:3)
  12 water elementals
  2 wyverns
  6 wraiths
  A trapdoor spider (shapeshifter) (Depths:4)
  6 basilisks
  A tarantella (shapeshifter) (Depths:4)
  2 shadows
  18 vampire mosquitoes
  Eustachio (D:5)
  3 fire elementals
  5 spriggans
  26 deep elf fighters
  24 deep elf magi
  A vampire (Vaults:2)
  6 hungry ghosts
  A basilisk (shapeshifter) (Vaults:2)
  7 wargs
  2 chaos spawn
  A hippogriff (shapeshifter) (Vaults:3)
  11 hippogriffs
  Edmund (D:5)
  A mottled dragon (Zig:4)
  A harpy simulacrum (Depths:4)
  31 wolves
  37 nagas
  A soldier ant (shapeshifter) (Depths:1)
  28 water moccasins
  2 swamp drakes
  2 soldier ants
  14 porcupines
  Duvessa (D:4)
  An eye of draining (Zig:2)
  2 necrophages
  6 spiders
  A black bear (D:8)
  A spider (shapeshifter) (Depths:4)
  15 wasps
  49 ogres
  57 orc warriors
  An ettin simulacrum (Vaults:2)
  A sky beast (D:9)
  4 boggarts (Depths:3)
  A black bear (shapeshifter) (D:14)
  10 ice beasts
  A phantom (D:12)
  3 big kobolds
  Blork the orc (D:9)
  4 brain worms (Lair:8)
  25 centaurs
  18 crocodiles
  A giant frog (shapeshifter) (Vaults:3)
  Dowan (D:4)
  15 giant frogs
  3 wyvern skeletons
  7 scorpions
  An elephant simulacrum (Depths:4)
  2 wights (D:9)
  11 hounds
  7 crimson imps
  2 vampire bats (Lair:4)
  An electric eel (Lair:3)
  5 human simulacra
  2 giant frog zombies
  An elf simulacrum (Vaults:3)
  38 orc priests
  2 giant frog skeletons
  2 gnoll shamans (D:8)
  10 jellies
  11 centaur skeletons
  11 iguanas
  9 worker ants
  38 orc wizards
  5 hell rats
  38 sheep
  A hound zombie (D:7)
  A mummy (Depths:1)
  A hound skeleton (D:11)
  25 adders
  16 gnolls
  54 river rats
  5 shadow imps
  17 white imps
  3 oozes
  2 adder skeletons
  An adder zombie (D:5)
  14 worms
  9 giant geckos
  231 orcs
  16 bats
  8 goblins
  4 hobgoblins
  14 jackals
  15 kobolds
  4 quokkas
  6 ball pythons
  A giant cockroach (D:1)
  A giant gecko skeleton (D:7)
  4 giant newts
  7 rats
  2 crawling corpses (Elf:3)
  8 fungi
  A plant (Lair:8)
  2 starspawn tentacles (Zig:6)
  A starspawn tentacle segment (Zig:6)
  3 tentacles (Shoals:3)
  A tentacle segment (Shoals:3)
2448 creatures vanquished.

Vanquished Creatures (collateral kills)
  Saint Roka (Depths:4)
  A Killer Klown (Zig:8)
  2 acid blobs (Slime:1)
  2 greater nagas (Snake:4)
  A storm dragon (shapeshifter) (Zig:8)
  2 deep elf sorcerers
  A very ugly thing (Zig:8)
  Nessos (Lair:6)
  A black draconian (Depths:1)
  A deep elf demonologist (Elf:2)
  A merfolk javelineer (Shoals:4)
  A fire dragon (Depths:1)
  A great orb of eyes (Slime:1)
  2 naga warriors (Snake:4)
  A merfolk avatar (Shoals:4)
  A satyr (Shoals:4)
  2 naga sharpshooters (Snake:4)
  A salamander mystic (Snake:4)
  A sea snake (Snake:4)
  A naga ritualist (Snake:4)
  An orc knight (Orc:4)
  A shining eye (Slime:1)
  2 salamanders (Snake:4)
  2 oklob plants (Zig:8)
  6 naga magi (Snake:4)
  2 eyes of devastation (Slime:1)
  An apocalypse crab (Zig:8)
  A deep elf priest (Elf:2)
  A snapping turtle (shapeshifter) (Zig:8)
  A snapping turtle (Shoals:4)
  3 fire elementals (Orc:4)
  A deep elf fighter (Elf:2)
  2 chaos spawn (Zig:8)
  7 nagas (Snake:4)
  2 hell hounds (Orc:4)
  3 orc warriors (Orc:4)
  2 orc priests (Orc:4)
  4 worms (Lair:8)
  2 orcs (Orc:4)
69 creatures vanquished.

Vanquished Creatures (others)
  2 ironheart preservers (Zig:5)
  A merfolk javelineer (Shoals:4)
  A great orb of eyes (Depths:1)
  A naga warrior (Snake:4)
  An ogre mage (Depths:2)
  2 ball lightnings (Depths:1)
  An orb spider (Depths:1)
  A water nymph (shapeshifter) (Zig:8)
  A moth of wrath (Zig:9)
  A komodo dragon (shapeshifter) (Zig:8)
  A demonic crawler (Zig:9)
  A redback (Vaults:4)
  A water elemental (Depths:1)
  A warg (Depths:4)
  A deep elf fighter (Elf:3)
  3 humans (Lair:5)
  2 orc warriors (Depths:4)
  An ogre (Vaults:1)
  A crocodile (Lair:5)
  A giant frog (Lair:5)
  An orc (Orc:4)
  13 fungi
  41 plants
  4 starspawn tentacles (Zig:6)
  33 starspawn tentacle segments (Zig:6)
  10 tentacles (Shoals:3)
  664 tentacle segments (Shoals:3)
791 creatures vanquished.

Grand Total: 3308 creatures vanquished

Notes
Turn   | Place    | Note
--------------------------------------------------------------
     0 | D:1      | imraulkays the Gargoyle Berserker began the quest for the Orb.
     0 | D:1      | Reached XP level 1. HP: 14/14 MP: 1/1
   161 | D:1      | Reached XP level 2. HP: 19/19 MP: 2/2
   384 | D:1      | Reached XP level 3. HP: 23/23 MP: 3/3
   891 | D:2      | Acquired Trog's second power
  1197 | D:2      | Reached XP level 4. HP: 22/29 MP: 4/4
  2124 | D:3      | Reached skill level 4 in Fighting
  2126 | D:3      | Reached XP level 5. HP: 7/33 MP: 5/5
  2131 | D:3      | HP: 2/49 [gnoll/flail (2)]
  2584 | D:3      | Noticed Sigmund
  2592 | D:3      | Killed Sigmund
  2592 | D:3      | Reached XP level 6. HP: 39/39 MP: 6/6
  2761 | D:3      | Found a burning altar of Makhleb.
  2829 | D:3      | Found a glowing silver altar of Zin.
  2830 | D:3      | Found a sparkling altar of Nemelex Xobeh.
  2870 | D:3      | Gained mutation: Your flesh is cold resistant. [potion of mutation]
  2870 | D:3      | Gained mutation: You are weak. (Str -2) [potion of mutation]
  2870 | D:3      | Gained mutation: Your spells are a little harder to cast, but a little more powerful. [potion of mutation]
  2917 | D:4      | Noticed Dowan
  2919 | D:4      | Noticed Duvessa
  2941 | D:4      | Killed Duvessa
  2943 | D:4      | Killed Dowan
  2943 | D:4      | Reached skill level 5 in Fighting
  2943 | D:4      | Reached XP level 7. HP: 44/44 MP: 7/7
  2959 | D:4      | Found Toidipn's Book Shop.
  3190 | D:4      | Found a shattered altar of Ashenzari.
  3191 | D:4      | Found an iron altar of Okawaru.
  3366 | D:4      | Found a staircase to the Ecumenical Temple.
  3389 | D:4      | Reached skill level 5 in Maces & Flails
  3493 | D:5      | Entered Level 5 of the Dungeon
  3572 | D:5      | Noticed Edmund
  3591 | D:5      | Killed Edmund
  3662 | D:5      | Reached skill level 5 in Armour
  3749 | D:5      | Reached XP level 8. HP: 47/51 MP: 8/8
  3889 | D:5      | Noticed Eustachio
  3906 | D:5      | Killed Eustachio
  4122 | D:6      | Reached skill level 6 in Fighting
  4320 | D:6      | Found a shimmering altar of Xom.
  4858 | D:6      | Found a shadowy altar of Dithmenos.
  5012 | D:6      | Lost mutation: Your flesh is cold resistant. [potion of cure mutation]
  5012 | D:6      | Lost mutation: You are weak. (Str -2) [potion of cure mutation]
  5012 | D:6      | Lost mutation: Your spells are a little harder to cast, but a little more powerful. [potion of cure mutation]
  5191 | D:7      | Found an opulent altar of Gozag.
  5335 | D:7      | Reached XP level 9. HP: 46/56 MP: 9/9
  5344 | D:7      | Noticed Umaruun's ghost (novice DrAE)
  5361 | D:7      | Killed Umaruun's ghost
  5361 | D:7      | Reached skill level 7 in Fighting
  5361 | D:7      | Reached skill level 5 in Dodging
  5463 | D:7      | Found Acus's Armour Boutique.
  5496 | D:7      | Acquired Trog's third power
  5698 | D:7      | Bought the cursed +0 cloak of Hide-and-Seek {MR+ Str+3} for 244 gold pieces
  6974 | D:8      | Reached skill level 8 in Armour
  7133 | D:8      | Reached XP level 10. HP: 64/64 MP: 10/10
  7684 | D:9      | Noticed Blork the orc
  7712 | D:9      | Killed Blork the orc
  8014 | D:9      | Found a staircase to the Lair.
  8459 | D:9      | Reached skill level 9 in Fighting
  8469 | D:9      | Received a gift from Trog
  8772 | D:10     | Entered Level 10 of the Dungeon
  8957 | D:10     | Received a gift from Trog
  9193 | D:10     | Found Igolluj's Magic Scroll Boutique.
  9751 | Lair:1   | Entered Level 1 of the Lair of Beasts
  9775 | D:9      | HP: 2/99 [komodo dragon (18)]
 10011 | Lair:1   | Noticed Fannar
 10049 | Lair:1   | Killed Fannar
 10049 | Lair:1   | Reached XP level 11. HP: 46/71 MP: 11/11
 10424 | Lair:1   | Noticed Eptagon's ghost (novice DECj)
 10431 | Lair:1   | Killed Eptagon's ghost
 10580 | Lair:1   | Noticed Gastronok
 10585 | Lair:1   | Reached skill level 10 in Fighting
 10595 | Lair:1   | Killed Gastronok
 10595 | Lair:1   | Reached skill level 10 in Armour
 10664 | Lair:1   | Noticed a black mamba
 10678 | Lair:1   | Killed a black mamba
 11241 | Lair:2   | Reached skill level 10 in Maces & Flails
 11287 | Lair:2   | Found a labyrinth entrance.
 11294 | Lab      | Entered a labyrinth
 11364 | Lab      | Noticed a minotaur
 11373 | Lab      | Killed a minotaur
 11402 | Lab      | Identified Iseydur's Volume of Clay and Transformation
 11449 | Lair:2   | Noticed a four-headed hydra
 11470 | Lair:2   | Killed a four-headed hydra
 11470 | Lair:2   | Received a gift from Trog
 11470 | Lair:2   | Reached XP level 12. HP: 63/79 MP: 12/12
 11775 | Lair:2   | Found an opulent altar of Gozag.
 11775 | Lair:2   | Noticed Nergalle
 11789 | Lair:2   | Killed Nergalle
 11814 | Lair:2   | Noticed Urug
 11951 | Lair:2   | Reached skill level 11 in Fighting
 12324 | Lair:2   | Killed Urug
 12337 | Lair:2   | Noticed a five-headed hydra
 12350 | Lair:2   | Killed a five-headed hydra
 13059 | Lair:3   | Noticed Herrn's ghost (journeyman NaFi)
 13366 | Lair:3   | Killed Herrn's ghost
 13796 | Lair:3   | Reached skill level 1 in Shields
 14613 | Lair:4   | Noticed an eight-headed hydra
 14633 | Lair:4   | Killed an eight-headed hydra
 14831 | Lair:4   | Reached XP level 13. HP: 58/85 MP: 13/13
 14995 | Lair:4   | Found a staircase to the Snake Pit.
 15112 | Lair:4   | Received a gift from Trog
 15228 | Lair:4   | Reached skill level 12 in Armour
 15441 | Lair:4   | Found a staircase to the Shoals.
 16247 | Lair:5   | Noticed Kirke
 16264 | Lair:5   | Killed Kirke
 17308 | Lair:6   | Noticed Nessos
 17332 | Lair:6   | Killed Nessos
 17332 | Lair:6   | Reached skill level 5 in Shields
 17349 | Lair:6   | Found a viscous altar of Jiyva.
 17349 | Lair:6   | Found a staircase to the Slime Pits.
 18535 | Lair:7   | Received a gift from Trog
 18799 | Lair:7   | Gained mutation: Your large and strong wings let you fly indefinitely. [Gargoyle growth]
 18799 | Lair:7   | Reached XP level 14. HP: 92/92 MP: 14/14
 19105 | Lair:7   | Received a gift from Trog
 19110 | Lair:7   | Got an iridescent dire flail {god gift}
 19116 | Lair:7   | Identified the +6 dire flail "Plog" {crush, rElec MR+ Int-4 Dex+4} (Trog gifted it to you on level 7 of the Lair of Beasts)
 19353 | Lair:7   | Reached skill level 13 in Armour
 19632 | Lair:8   | Entered Level 8 of the Lair of Beasts
 19791 | Lair:8   | Reached skill level 10 in Dodging
 20756 | Lair:8   | Received a gift from Trog
 20874 | Lair:8   | Found a runed door.
 21865 | D:11     | Found a glowing silver altar of Zin.
 22315 | D:12     | Reached XP level 15. HP: 100/100 MP: 15/15
 22417 | D:12     | Found Plog's Antique Armour Shop.
 22766 | D:12     | Received a gift from Trog
 22919 | D:12     | Found a staircase to the Orcish Mines.
 23244 | Orc:1    | Entered Level 1 of the Orcish Mines
 23526 | Orc:2    | Noticed Snorg
 23539 | Orc:2    | Killed Snorg
 23929 | Orc:1    | Found Kaitoet's Assorted Antiques.
 24008 | Orc:2    | Reached skill level 14 in Fighting
 24333 | Orc:3    | Found a staircase to the Elven Halls.
 24346 | Orc:3    | Found a roughly hewn altar of Beogh.
 24352 | Orc:3    | Found a frozen archway.
 24357 | Orc:3    | Received a gift from Trog
 24396 | IceCv    | Entered an ice cave
 25032 | IceCv    | Noticed a frost giant
 25049 | IceCv    | Killed a frost giant
 25922 | Orc:2    | Found Dihirixe's Armour Emporium.
 26018 | Orc:4    | Entered Level 4 of the Orcish Mines
 26051 | Orc:4    | Noticed Azrael
 26068 | Orc:4    | Killed Azrael
 27303 | Orc:4    | Received a gift from Trog
 27362 | Orc:4    | Found Gatunn's Food Shoppe.
 27363 | Orc:4    | Found Tomauwni's Antique Weapon Emporium.
 27363 | Orc:4    | Found Ziech's Weapon Shoppe.
 27364 | Orc:4    | Found Ykageu's Jewellery Shoppe.
 27535 | Orc:4    | Bought a +6 ring of dexterity for 643 gold pieces
 27729 | D:13     | Received a gift from Trog
 27821 | D:13     | Reached XP level 16. HP: 76/107 MP: 16/16
 28161 | D:13     | Found a sparkling altar of Nemelex Xobeh.
 28209 | D:13     | Identified a scroll of acquirement
 28210 | D:13     | Got an ancient hat
 28221 | D:13     | Identified the +1 hat of the Jabberwock {*Corrode rElec rPois Dex+6} (You acquired it on level 13 of the Dungeon)
 29244 | D:14     | Found a gate to the Vaults.
 29323 | D:14     | Reached skill level 15 in Armour
 29368 | D:15     | Entered Level 15 of the Dungeon
 29488 | D:15     | Found an ancient bone altar of Kikubaaqudgha.
 29578 | D:15     | Noticed Josephine
 29586 | D:15     | Killed Josephine
 29601 | D:15     | Reached skill level 15 in Fighting
 29611 | D:15     | Received a gift from Trog
 29648 | D:15     | Found Pediwn's Food Boutique.
 29809 | D:15     | Found a staircase to the Depths.
 29939 | D:15     | Found a sparkling altar of Nemelex Xobeh.
 30710 | Elf:1    | Entered Level 1 of the Elven Halls
 30801 | Elf:1    | Noticed Roxanne
 31119 | Snake:1  | Entered Level 1 of the Snake Pit
 31297 | Snake:1  | Noticed Louise
 31334 | Snake:1  | Killed Louise
 31356 | Snake:1  | Received a gift from Trog
 31459 | Snake:1  | Got a brightly glowing crystal amulet
 31461 | Snake:1  | Identified the amulet "Vinig" {+Rage rPois rF+ MR+} (You found it on level 1 of the Snake Pit)
 31775 | Snake:1  | Reached skill level 10 in Shields
 32636 | Snake:2  | Reached XP level 17. HP: 113/113 MP: 17/17
 34012 | Snake:3  | Received a gift from Trog
 34153 | Snake:4  | Entered Level 4 of the Snake Pit
 34521 | Snake:4  | Reached skill level 16 in Armour
 34738 | Snake:4  | Reached skill level 15 in Maces & Flails
 34875 | Snake:4  | Received a gift from Trog
 34902 | Snake:4  | Found Zoata's Gadget Shop.
 35456 | Snake:4  | Reached XP level 18. HP: 99/121 MP: 18/18
 35901 | Snake:4  | Got a serpentine rune of Zot
 35922 | Snake:4  | Received a gift from Trog
 36494 | D:7      | Bought a +3 plate armour of cold resistance for 540 gold pieces
 36789 | Shoals:1 | Entered Level 1 of the Shoals
 37221 | Shoals:1 | Received a gift from Trog
 38010 | Shoals:2 | Reached skill level 17 in Armour
 39654 | Shoals:3 | Identified the Grimoire of Ethics
 39690 | Shoals:3 | Received a gift from Trog
 39932 | Shoals:4 | Entered Level 4 of the Shoals
 39932 | Shoals:4 | Noticed Ilsuiw
 39953 | Shoals:3 | Killed Ilsuiw
 40333 | Shoals:4 | Reached XP level 19. HP: 128/128 MP: 19/19
 41290 | Shoals:4 | Received a gift from Trog
 41567 | Shoals:4 | Got a barnacled rune of Zot
 42311 | Elf:1    | Killed Roxanne
 42323 | Elf:1    | Identified Roxanne's Catalogue of Stones (You took it off Roxanne on level 1 of the Elven Halls)
 42531 | Elf:1    | Received a gift from Trog
 43002 | Elf:1    | Reached skill level 18 in Fighting
 43266 | Elf:1    | Noticed Donald
 43285 | Elf:1    | Killed Donald
 43299 | Elf:1    | Noticed Nikola
 43312 | Elf:1    | Killed Nikola
 43463 | Elf:1    | Identified Lehudib's Disquisition on Torrid Combat Magic
 43710 | Elf:2    | Noticed a Brimstone Fiend
 44577 | Elf:2    | Found a runed gate.
 44577 | Elf:2    | Found a runed gate.
 44577 | Elf:2    | Found a runed gate.
 44623 | Elf:3    | Entered Level 3 of the Elven Halls
 45019 | Elf:3    | Found Faaqo's Antique Armour Shoppe.
 45027 | Elf:3    | Bought the +3 pair of gauntlets of War {Slay+5} for 1235 gold pieces
 45073 | Elf:3    | Reached XP level 20. HP: 125/136 MP: 20/20
 45176 | Elf:3    | Received a gift from Trog
 46384 | Elf:3    | Received a gift from Trog
 46969 | Elf:3    | Identified Abehid's Tome of Unholy Rituals
 47608 | Vaults:1 | Entered Level 1 of the Vaults
 47821 | Vaults:1 | Found Itiefon's General Store.
 48082 | Vaults:1 | Received a gift from Trog
 48098 | Vaults:1 | Reached skill level 15 in Dodging
 48443 | Vaults:1 | Reached skill level 19 in Fighting
 49239 | Vaults:2 | Reached XP level 21. HP: 144/144 MP: 21/21
 49455 | Vaults:2 | Received a gift from Trog
 50021 | Vaults:2 | Found a staircase to the Crypt.
 50537 | Vaults:3 | Identified the Almanac of Hexes
 50751 | Vaults:3 | Received a gift from Trog
 51086 | Vaults:3 | Found a portal to a secret trove of treasure.
 51421 | Vaults:3 | Received a gift from Trog
 51439 | Vaults:3 | Got an ichor-stained executioner's axe {god gift}
 51445 | Vaults:3 | Identified the +11 executioner's axe of Exquisite Death {elec, rF++ Dex+3} (Trog gifted it to you on level 3 of the Vaults)
 51556 | Vaults:3 | Reached skill level 1 in Axes
 51563 | Vaults:3 | Reached XP level 22. HP: 152/152 MP: 22/22
 51915 | Vaults:4 | Reached skill level 5 in Axes
 52209 | Vaults:4 | Found Vitiwaf's Assorted Antiques.
 52327 | Vaults:4 | Received a gift from Trog
 52340 | Vaults:4 | Found Juaddugoxt's Jewellery Shoppe.
 52452 | Vaults:4 | Found Micysk's Food Boutique.
 52479 | Vaults:4 | Found Jyatum's Food Shop.
 53377 | Depths:1 | Entered Level 1 of the Depths
 53396 | Depths:1 | Found a gateway to Hell.
 53638 | Depths:1 | Found a one-way gate to the infinite horrors of the Abyss.
 53903 | Depths:1 | Found a large runed door.
 53913 | Depths:1 | Reached skill level 10 in Axes
 53918 | Depths:1 | Found a large runed door.
 54485 | Depths:1 | Received a gift from Trog
 55099 | Depths:1 | Reached XP level 23. HP: 156/156 MP: 23/23
 56575 | Depths:1 | Received a gift from Trog
 56968 | Depths:2 | Found a one-way gate leading to the halls of Pandemonium.
 56991 | Depths:2 | Found a gateway to a ziggurat.
 57066 | Zig:1    | Entered Level 1 of a ziggurat
 57180 | Zig:2    | Entered Level 2 of a ziggurat
 57258 | Zig:3    | Entered Level 3 of a ziggurat
 57368 | Zig:4    | Entered Level 4 of a ziggurat
 57459 | Zig:5    | Entered Level 5 of a ziggurat
 57612 | Zig:6    | Entered Level 6 of a ziggurat
 57624 | Zig:6    | Reached skill level 15 in Axes
 57624 | Zig:6    | Cast into the Abyss (spatial maelstrom)
 57638 | Zig:6    | Escaped the Abyss
 57674 | Zig:7    | Entered Level 7 of a ziggurat
 57748 | Zig:8    | Entered Level 8 of a ziggurat
 57784 | Zig:8    | Received a gift from Trog
 57838 | Zig:8    | Identified a +2 pair of boots of running (You found it on level 8 of a ziggurat)
 57849 | Zig:9    | Entered Level 9 of a ziggurat
 57869 | Zig:9    | Reached XP level 24. HP: 162/162 MP: 1/23
 59857 | Depths:3 | Found a shattered altar of Ashenzari.
 59943 | Depths:3 | Received a gift from Trog
 60102 | Depths:3 | Noticed Wiglaf
 60113 | Depths:3 | Killed Wiglaf
 60978 | Depths:4 | Noticed an ancient lich
 60994 | Depths:4 | Killed an ancient lich
 61049 | Depths:4 | Received a gift from Trog
 61307 | Depths:4 | Got a crude broad axe {chop}
 61319 | Depths:4 | Noticed Frederick
 61330 | Depths:4 | Killed Frederick
 61350 | Depths:4 | Noticed Saint Roka
 61361 | Depths:4 | Killed Saint Roka
 61361 | Depths:4 | Reached XP level 25. HP: 81/168 MP: 23/23
 61716 | Depths:4 | Received a gift from Trog
 61793 | Depths:4 | Noticed Mennas
 61823 | Depths:4 | Killed Mennas
 62125 | Depths:5 | Entered Level 5 of the Depths
 62283 | Depths:4 | Reached skill level 20 in Fighting
 62935 | Depths:5 | Received a gift from Trog
 62941 | Depths:5 | Noticed Jorgrun
 62950 | Depths:5 | Killed Jorgrun
 63307 | Depths:5 | Found a glowing golden altar of the Shining One.
 63391 | Depths:5 | Found a gate to the Realm of Zot.
 64432 | Slime:1  | Entered Level 1 of the Pits of Slime
 64436 | Slime:1  | Gained mutation: Your magical capacity is low (-10% MP). [a shining eye]
 64437 | Slime:1  | Gained mutation: You tend to lose your temper in combat. [a shining eye]
 64439 | Slime:1  | Gained mutation: Your spells are a little easier to cast, but a little less powerful. [a shining eye]
 64442 | Slime:1  | Gained mutation: You are weak. (Str -2) [a shining eye]
 64504 | Slime:1  | Gained mutation: You are occasionally teleported to nearby monsters. [a shining eye]
 64514 | Slime:1  | Gained mutation: Your body sometimes deteriorates upon taking damage. [a shining eye]
 64515 | Slime:1  | Gained mutation: Your magical capacity is very low (-20% MP). [a shining eye]
 64519 | Slime:1  | Gained mutation: You often lose your temper in combat. [a shining eye]
 64619 | Slime:1  | Gained mutation: Armour fits poorly on your strangely shaped body. [a shining eye]
 64649 | Slime:1  | HP: 9/253 [acid (6)]
 64652 | Slime:1  | HP: 2/169 [acid (4)]
 64653 | Slime:1  | Splashed by an acid blob's acid

Vault maps used:
D:1:      dpeg_arrival_chase
D:2:      first_bread, kennysheep_generic_room_5
D:3:      lemuel_coloured_pillars_altar, gammafunk_temple_overflow_statue,
          uniq_sigmund
D:4:      minitemple, minmay_temple_entry_hall, serial_shops,
          nicolae_shop_stone, uniq_duvessa
D:5:      uniq_eustachio, uniq_edmund
D:6:      lemuel_round_altar, nicolae_dithmenos_through_a_glass_darkly
D:7:      lemuel_round_altar, serial_shops, shop_coins, the_bakery
D:8:      serial_gnoll_camp, gnoll_camp_mini_doghouse, gnoll_camp_mini_house,
          gnoll_camp_mini_house, gnoll_camp_mini_loothouse
D:9:      boulder_indie, dpeg_oklobed_lair, sword_in_stone
D:10:     serial_shops, shop, serial_bayou_pond_e
D:11:     basic_altar
D:12:     erik_orc_4, serial_shops, shop
D:13:     nemelex_deck
D:14:     david_vaults_4, minivault_14
D:15:     grunt_enter_depths_hoard, basic_altar, serial_shops, shop,
          nrook_mini_vaults, minivault_23, nemelex_diamond_rough_becter,
          uniq_josephine
Lair:1:   bh_autumn_forest_stairs, uniq_fannar, uniq_gastronok
Lair:2:   lab_entry_generic, basic_altar, serial_bayou_pond_d,
          serial_bayou_crossing, serial_bayou_shore_a, grunt_megastairs_3,
          uniq_urug, uniq_nergalle
Lair:3:   serial_forest, infiniplex_forest_clump_small,
          infiniplex_forest_diagonal, infiniplex_forest_clump_long,
          infiniplex_forest_end_1, infiniplex_forest_straight_2
Lair:4:   minmay_shoals_entry_hut, guppyfry_snake_entry_island, minivault_27,
          roderic_batcave, lemuel_fruit_fields, serial_bayou_shore_b,
          serial_bayou_shore_b, lemuel_fruit_tree
Lair:5:   st_stairs_11, uniq_kirke
Lair:6:   slime_altar_1, minivault_27, uniq_nessos
Lair:7:   ice2_lemuel
Lair:8:   hangedman_lair_tendril_chambers, wormcave
Shoals:3: centaur_isle
Shoals:4: shoals_end_simple, shoal_ilsuiw
Snake:1:  st_stairs_12, grunt_megastairs_2, uniq_louise
Snake:2:  kennysheep_six_static_rooms
Snake:4:  snake_pit, serial_shops, nicolae_shop_waterfront,
          serial_bayou_lagoon_b
Orc:1:    serial_shops, shop_coins
Orc:2:    serial_shops, shop, uniq_snorg
Orc:3:    basic_altar, portal_ice_cave_entry_imps, nicolae_orc_pool_cavern
Orc:4:    st_orc_pillars, uniq_azrael
Elf:1:    elf_arrival_001, minmay_elf_sorcery, st_stairs_11,
          minmay_strange_pillars, hangedman_elf_simple_split, uniq_roxanne,
          uniq_donald, uniq_nikola
Elf:2:    grunt_ministairs_13
Elf:3:    minmay_elf_hall_dome, serial_shops, nicolae_shop_overgrown_old_shop
Vaults:1: hangedman_vaults_slither, hangedman_vaults_stream,
          nicolae_vaults_diagonal_hallway_7, grunt_vaults_bifocal,
          nicolae_vaults_asterisk, nicolae_vaults_three_branches,
          vaults_dpeg_encased_lava, nicolae_vaults_little_squares_3,
          vaults_room_stairs_pillars, serial_shops, shop
Vaults:2: minmay_crypt_entry_simple_round, v_misc_16, v_alt_pattern_2,
          hangedman_vaults_capsules, v_misc_29, nicolae_vaults_little_squares_1,
          v_misc_30, vaults_mumra_lcd, nicolae_vaults_sealed_display, v_misc_30,
          vaults_mumra_bighexcomb, v_misc_19, vaults_mumra_chevron_long,
          nicolae_vaults_little_squares_3
Vaults:3: nicolae_vaults_little_squares_2, hangedman_vaults_variations,
          vaults_mumra_minichess, grunt_vaults_swirl, nicolae_vaults_asterisk,
          hangedman_vaults_corner, vaults_room_door_hall,
          vaults_standard_mumra_x, ontoclasm_vaults_gateway,
          nicolae_vaults_little_squares_4, nicolae_vaults_rhombus_5,
          nicolae_trove_entry_path_of_doom
Vaults:4: vaults_standard_mumra_lines, nicolae_vaults_little_squares_6,
          ontoclasm_vaults_ring_large, serial_shops,
          nicolae_shop_scaring_up_business, shop, shop, nicolae_shop_crystal
Depths:1: lightli_eight_chambers, pf_vacation_house_of_asmodeus, abyss_entry,
          spider_trap, kennysheep_two_boxes
Depths:2: dpeg_oklob_gauntlet, enter_ziggurat_c, hell_entry, kennysheep_nub,
          pan_entry, nicolae_lava_and_water, minmay_misc_feat_doors,
          serial_bayou_shore_b, infiniplex_staircase_spiral
Depths:3: lemuel_ice_statue, rand_demon_pan_entry_8, hell_entry,
          evilmike_ruin_ashenzari, minivault_22,
          infiniplex_staircase_split_hallway, firewood_loft,
          serial_bayou_shore_b, uniq_wiglaf
Depths:4: hangedman_crystal_crosses_colossus, hell_entry, abyss_entry,
          serial_shops, uniq_saint_roka, uniq_frederick, uniq_mennas
Depths:5: evilmike_zot_entry_diamond, abyss_entry_small_statue_room,
          hangedman_tar_grid_catacomb, tso_altar, kennysheep_random_hallway,
          uniq_jorgrun
Zig:1:    ziggurat_pillar_centre_c
Zig:8:    ziggurat_pillar_centre_oklobs
Zig:9:    ziggurat_pillar_centre_smoke
Lab:      nicolae_lab_dead_adventurers
IceCv:    ice_cave_small_giant

Action                   |  1- 3 |  4- 6 |  7- 9 | 10-12 | 13-15 | 16-18 | 19-21 | 22-24 | 25-27 || total
-------------------------+-------+-------+-------+-------+-------+-------+-------+-------+-------++-------
Melee: Mace              |    83 |    46 |       |       |       |       |       |       |       ||   129
       Morningstar       |       |    60 |   476 |   939 |   798 |       |       |       |       ||  2273
       Dire flail        |       |       |       |       |  1599 |  1760 |  1945 |       |       ||  5304
       Flail             |       |       |       |       |     4 |       |       |       |       ||     4
       Eveningstar       |       |       |       |       |       |    33 |       |       |       ||    33
       Executioner's axe |       |       |       |       |       |       |    12 |  1190 |   339 ||  1541
Invok: Berserk           |       |     3 |     6 |    13 |    15 |    13 |     7 |     8 |     1 ||    66
       Trog's Hand       |       |     1 |       |     2 |     9 |     7 |     4 |     6 |     2 ||    31
       Burn Spellbooks   |       |       |       |     3 |       |       |       |       |       ||     3
       Brothers in Arms  |       |       |       |       |     7 |     5 |     4 |     6 |     1 ||    23
 Abil: Fly               |       |       |       |       |       |       |       |     1 |       ||     1
       Stop Flying       |       |       |       |       |       |       |       |     1 |       ||     1
Evoke: Wand              |       |       |       |       |       |       |     9 |     4 |       ||    13
  Use: Scroll            |     6 |     2 |     3 |     6 |     5 |    10 |     8 |    10 |     1 ||    51
       Potion            |     1 |     4 |     3 |     6 |     3 |     2 |       |       |       ||    19
 Stab: Sleeping          |     2 |       |       |       |       |       |       |       |       ||     2
       Distracted        |       |       |       |       |     1 |       |       |       |       ||     1
       Invisible         |       |       |       |       |       |     3 |       |       |       ||     3
  Eat: Chunk             |     1 |     1 |    16 |    33 |    89 |    51 |    45 |    24 |     8 ||   268
       Bread ration      |       |     1 |     1 |       |       |       |       |       |       ||     2
       Beef jerky        |       |     1 |       |       |       |     4 |       |     6 |     2 ||    13
       Fruit             |       |       |     1 |    10 |    10 |     6 |       |     4 |     1 ||    32
       Pizza             |       |       |       |       |     1 |     1 |       |       |       ||     2
